 Dungeon Sprint DCSS version 0.24-a0-93-ge1bfdf8443 (webtiles) character file.

Game seed: 4254460394747050186

344 Denreik the Magician (level 6, -5/50 (53) HPs)
             Began as a Gnoll Skald on Feb 10, 2019.
             Slain by a flying skull (6 damage)
             ... in the Dungeon (Sprint II: "The Violet Keep of Menkaure").
             The game lasted 00:00:57 (165 turns).

Denreik the Magician (Gnoll Skald)                   Turns: 165, Time: 00:00:58

HP:   -5/50 (53)    AC:  3    Str: 15    XL:     6   Next: 58%
MP:   14/15         EV: 15    Int: 16    God:
Gold: 243           SH:  0    Dex: 14    Spells: 17/18 levels left

rFire    . . .     SeeInvis .   a - +0 spear
rCold    . . .     Gourm    .   (no shield)
rNeg     . . .     Faith    .   b - +0 leather armour
rPois    .         Spirit   .   (no helmet)
rElec    .         Reflect  .   (no cloak)
rCorr    .         Harm     .   (no gloves)
MR       .....     NoTele   +   (no boots)
Stlth    +++.......             (no amulet)
HPRegen  0.00/turn              (no ring)
MPRegen  0.14/turn              (no ring)

@: infused, non-regenerating, mildly diseased
A: distributed training, fangs 1, strong nose
a: no special abilities


You were in the Dungeon.
You were not hungry.

You visited 1 branch You collected 243 gold pieces.

Inventory:

Hand Weapons
 a - a +0 spear (weapon)
Armour
 b - a +0 leather armour (worn)
Scrolls
 j - a scroll of blinking
Potions
 e - a potion of curing
 f - a potion of heal wounds
 g - a potion of haste
 h - a potion of magic
 i - a potion of berserk rage
Comestibles
 d - a ration


   Skills:
 + Level 6.5 Fighting
 + Level 4.6 Short Blades
 + Level 4.6 Long Blades
 + Level 4.6 Axes
 + Level 4.6 Maces & Flails
 + Level 6.5 Polearms
 + Level 4.6 Staves
 + Level 4.6 Slings
 + Level 4.6 Bows
 + Level 4.6 Crossbows
 + Level 4.6 Throwing
 + Level 5.3 Armour
 + Level 6.5 Dodging
 + Level 4.6 Stealth
 + Level 4.6 Shields
 + Level 4.6 Unarmed Combat
 + Level 6.9 Spellcasting
 + Level 3.8 Conjurations
 + Level 3.8 Hexes
 + Level 6.7 Charms
 + Level 3.8 Summonings
 + Level 3.8 Necromancy
 + Level 3.8 Translocations
 + Level 3.8 Transmutations
 + Level 3.8 Fire Magic
 + Level 3.8 Ice Magic
 + Level 3.8 Air Magic
 + Level 3.8 Earth Magic
 + Level 3.8 Poison Magic
 + Level 5.0 Invocations
 + Level 4.6 Evocations


You had 17 spell levels left.
You knew the following spells:

 Your Spells              Type           Power        Failure   Level  Hunger
a - Infusion              Chrm           ####         1%          1    None

Your spell library contained the following spells:

 Spells                   Type           Power        Failure   Level  Hunger
 Song of Slaying          Chrm           ####....     1%          2    None
 Shroud of Golubria       Chrm/Tloc      ###.......   2%          2    None
 Regeneration             Chrm/Necr      ###.......   4%          3    ##.....
 Spectral Weapon          Hex/Chrm       ###.....     4%          3    ##.....


Dungeon Overview and Level Annotations

Branches:
Dungeon (1/1)

Altars:


Innate Abilities, Weirdness & Mutations

Your experience applies equally to all skills.
You have very sharp teeth.
Your uncanny sense of smell can sniff out nearby items.


Message History

You hear a hideous shriek!
The flying skull gives a hideous shriek! x2
There are monsters nearby! 5 flying skulls come into view.
The flying skull gives a hideous shriek! x4
A flying skull comes into view.
There is an open door here.
A flying skull comes into view.
The flying skull misses you. The flying skull closely misses you.
There is an open door here.
Things that are here:
a necrophage corpse x2
The flying skull hits you!
* * * LOW HITPOINT WARNING * * *
Casting: Infusion (safe; 1% risk of failure)
Confirm with . or Enter, or press ? or * to list all spells.
You begin infusing your attacks with magical energy.
The flying skull hits you.
You die...

∆ ∆ ∆ # #+#
.## ##.##.w.#
∆ +.<.+#
##@##$w.#
##z## .##
##.zz## #
#..#..#
##.#z## ∆
##'##
#≈≈≈○○≈≈≈≈≈≈
∆#+++#°z'#≈§≈
.z°○z#


You could see 4 flying skulls.

Vanquished Creatures
  4 necrophages (D)
4 creatures vanquished.

Vanquished Creatures (others)
  Menkaure (D)
  A crocodile (D)
2 creatures vanquished.

Grand Total: 6 creatures vanquished

Notes
Turn   | Place    | Note
-------+----------+-------------------------------------------
     0 | D        | Denreik the Gnoll Skald began the quest for the Orb.
     0 | D        | Reached XP level 1. HP: 20/20 MP: 6/6
     1 | D        | Noticed a tyrant leech
     1 | D        | Noticed a tyrant leech
     4 | D        | Noticed a necrophage
     4 | D        | Noticed a necrophage
     4 | D        | Noticed a necrophage
     4 | D        | Noticed a necrophage
    19 | D        | Killed a necrophage
    19 | D        | Reached skill level 5 in Fighting
    19 | D        | Reached skill level 5 in Polearms
    19 | D        | Reached skill level 5 in Dodging
    19 | D        | Reached skill level 5 in Spellcasting
    19 | D        | Reached XP level 2. HP: 25/27 MP: 0/8
    19 | D        | Reached XP level 3. HP: 31/33 MP: 0/10
    19 | D        | Reached XP level 4. HP: 37/39 MP: 0/11
    33 | D        | Killed a necrophage
    33 | D        | Reached XP level 5. HP: 24/45 MP: 5/13
    41 | D        | Killed a necrophage
    41 | D        | Reached skill level 5 in Armour
    41 | D        | Reached XP level 6. HP: 15/50 MP: 0/15
    54 | D        | Killed a necrophage
    54 | D        | Reached skill level 5 in Invocations
   133 | D        | Killed Menkaure
   158 | D        | Noticed a flying skull
   158 | D        | Noticed a flying skull
   158 | D        | Noticed a flying skull
   158 | D        | Noticed a flying skull
   158 | D        | Noticed a flying skull
   159 | D        | Noticed a flying skull
   159 | D        | Noticed a flying skull
   159 | D        | Noticed a flying skull
   159 | D        | Noticed a flying skull
   159 | D        | Noticed a flying skull
   159 | D        | Noticed a flying skull
   160 | D        | Noticed a flying skull
   164 | D        | HP: 1/50 [flying skull (7)]
   165 | D        | Slain by a flying skull

Levels and vault maps discovered:
D:        the_violet_keep_of_menkaure [sprint2_stairs_cluster_1,
          sprint2_shoproom, sprint2_temple, sprint2_basic_supplies,
          sprint2_obstacle_1, sprint2_obstacle_6, sprint2_obstacle_2,
          sprint2_obstacle_7, sprint2_obstacle_4, sprint2_timed_cluster_1,
          sprint2_smallroom_cluster_1, sprint2_smallroom_final_cluster_1,
          sprint2_transparent_cluster_1, sprint2_second_timed_cluster_1,
          sprint2_sniper_area_1, sprint2_heavy_combat_area_1,
          sprint2_mutation_trap_area_1, sprint2_forest_area_1,
          sprint2_light_combat_area_1, sprint2_behind_water_1,
          sprint2_near_end_vault_1]

Skill      XL: |  1  2  3  4  5  6 |
---------------+-------------------+-----
Fighting       | 5 6 |  6.5
Short Blades   | 2 3 4 |  4.6
Long Blades    | 2 3 4 |  4.6
Axes           | 2 3 4 |  4.6
Maces & Flails | 2 3 4 |  4.6
Polearms       | 5 6 |  6.5
Staves         | 2 3 4 |  4.6
Slings         | 2 3 4 |  4.6
Bows           | 2 3 4 |  4.6
Crossbows      | 2 3 4 |  4.6
Throwing       | 2 3 4 |  4.6
Armour         | 3 4 5 |  5.3
Dodging        | 5 6 |  6.5
Stealth        | 2 3 4 |  4.6
Shields        | 2 3 4 |  4.6
Unarmed Combat | 2 3 4 |  4.6
Spellcasting   | 5 6 |  6.9
Conjurations   | 2 3 |  3.8
Hexes          | 2 3 |  3.8
Summonings     | 2 3 |  3.8
Necromancy     | 2 3 |  3.8
Translocations | 2 3 |  3.8
Transmutations | 2 3 |  3.8
Fire Magic     | 2 3 |  3.8
Ice Magic      | 2 3 |  3.8
Air Magic      | 2 3 |  3.8
Earth Magic    | 2 3 |  3.8
Poison Magic   | 2 3 |  3.8
Invocations    | 3 4 5 |  5.0
Evocations     | 2 3 4 |  4.6
Charms         | 6 |  6.7

Action                   |  1- 3 |  4- 6 || total
-------------------------+-------+-------++-------
Melee: Spear             |    14 |    33 ||    47
       Bite              |     2 |     7 ||     9
       Punch             |       |     1 ||     1
 Cast: Infusion          |     1 |     2 ||     3
  Use: Potion            |       |     1 ||     1
Armor: Leather armour    |     3 |     5 ||     8
Dodge: Dodged            |     7 |    13 ||    20

Table legend:
 A = Non-vault XP
 B = Vault XP
 C = Vault XP percentage of total XP
 D = Non-vault monster count
 E = Vault monster count
 F = Vault count percentage of total count
                 A         B        C        D         E       F
            +---------+---------+-------+---------+---------+-------
      Total |       0 |     492 | 100.0 |       0 |       4 | 100.0
            +---------+---------+-------+---------+---------+-------
          D |       0 |     492 | 100.0 |       0 |       4 | 100.0
            +---------+---------+-------+---------+---------+-------
